 Dungeon Crawl Stone Soup version 0.31-a0-662-g684573625c (webtiles) character file.

Game seed: 3423413484301395636

214 ytrimaz the Changeling (level 5, -3/40 HPs)
             Began as a Demonspawn Shapeshifter on Aug 31, 2023.
             Slain by Edmund
             ... wielding a +1 heavy dire flail
              (13 damage)
             ... on level 4 of the Dungeon.
             The game lasted 00:04:09 (2935 turns).

ytrimaz the Changeling (Demonspawn Shapeshifter)    Turns: 2935, Time: 00:04:09

Health: -3/40      AC: 10    Str: 19    XL:     5   Next: 59%
Magic:  5/5        EV:  6    Int: 10    God:
Gold:   184        SH:  4    Dex: 19    Spells: 4/4 levels left

rFire   . .          .
                       - Unarmed
rCold   . . .        (no shield)
rNeg    . . .        q - +0 plate armour
rPois   .            (helmet currently unavailable)
rElec   .            (cloak currently unavailable)
rCorr   .            (gloves currently unavailable)
SInv    .            (boots currently unavailable)
Will    .....        (no amulet) Stlth
                     j - +6 ring of dexterity
HPRegen 0.26/turn    s - ring of flight
MPRegen 0.09/turn

%: no passive effects
@: beast-form, flying
A: beast (slay +2), large bone plates 1, demonic guardian 1, antennae 1, robust
1, strong 1
a: Begin Untransformation


You were on level 4 of the Dungeon.
You were a hulking beast.
You visited 1 branch of the dungeon, and saw 4 of its levels.

You collected 184 gold pieces.


Innate Abilities, Weirdness & Mutations

You are a hulking beast.
Your limbs bulge with bestial killing power. (Slay +2)
You are partially covered in large bone plates. (SH +4)
A weak demonic guardian rushes to your aid.
You have a pair of small antennae on your head.
You are robust. (+10% HP)
Your muscles are strong. (Str +4, Int/Dex -1)


   Skills:
 - Level 1.0 Fighting
 - Level 1.3 Armour
 - Level 1.7 Dodging
 + Level 4.1 Unarmed Combat
 * Level 4.2 Shapeshifting


You had 4 spell levels left.
You didn't know any spells.
Your spell library contained the following spells:

 Spells                   Type           Power      Damage    Failure   Level
 Tukima's Dance           Hex            0%         N/A       100%        3
 Passage of Golubria      Tloc           0%         N/A       100%        4
 Yara's Violent Unravell  Hex/Tmut       0%         3d3       100%        5

Inventory:

Armour
 i - a +0 pair of gloves
   (You found it on level 1 of the Dungeon)
 o - a +0 ring mail
   (You found it on level 3 of the Dungeon)
 q - a +0 plate armour (worn)
   (You found it on level 3 of the Dungeon)
Jewellery
 j - a +6 ring of dexterity (left hand)
   (You found it on level 1 of the Dungeon)
 k - a ring of positive energy
   (You found it on level 3 of the Dungeon)
 s - a ring of flight (right hand)
   (You found it on level 3 of the Dungeon)
 v - a ring of fire
   (You found it on level 4 of the Dungeon)
Talismans
 c - a beast talisman (active)
 d - a flux talisman
 h - a maw talisman
   (You found it on level 1 of the Dungeon)
Scrolls
 a - a scroll of enchant weapon
 e - a scroll of teleportation
 m - a scroll of identify
 p - a scroll of fog {unknown}
 t - a scroll of silence {unknown}
Potions
 g - 2 potions of brilliance

Dungeon Overview and Level Annotations

Branches:
Dungeon (4/15) Zot: 21072
 Temple: D:4-7

Altars:
Fedhas

Annotations:
D:4 Edmund

*,***.#####.#...#..##.###**.
*#.......!..#..##.....#..,,.
#..#######........####.#**.
#..#######.#..###.# #.# *#
#..#######.#..###.# #.#
#..#######.#..###.# #.####
#..##.....o5..###.# #.....
#.(##.####@#.####.####.####
#..##.####h#.####[@l...#
#.....####.#.###########
#..........#......,,*
####..############*,*
#..############*,*
#.†..##########*,*
#..#...########*,*
#..###'########*,*
#..##8.8## *,*


You could see Edmund, an orc (ally target) and a friendly ufetubus (summoned).


Message History

You kill the hobgoblin!
No target in view! 😕 HP[+1]
There is a stone staircase leading down here.
You see here a +0 hand axe.
You now have 156 gold pieces (gained 17).
You now have 171 gold pieces (gained 15).
Key pressed, stopping explore.
You reach down and open the door.
There is an open door here.
You now have 184 gold pieces (gained 13).
You reach down and open the door.
There is an open door here.
A ball python comes into view. 😎 HP[+2]
Your hp is fully restored (40).
A ball python is nearby!
The ball python hisses angrily.
The ball python bites you but does no damage.
The ball python grabs you. The ball python constricts you.
The ball python bites you but does no damage.
The ball python constricts you.
You punch the ball python!
You kill the ball python!
No target in view!
You see here a ball python corpse.
No target in view!
Unknown command.
A jelly comes into view.
The jelly quivers.
A jelly is nearby!
A jelly is nearby!
A jelly is nearby!
The jelly barely misses you.
You punch the jelly!
Your hands burn!
The jelly hits you but does no damage.
You hit the jelly.
Your hands burn!
The jelly hits you but does no damage. 😕 HP[-6]
You take 6 damage, and now have 34/40 hp.
You punch the jelly!
You kill the jelly!
No target in view!
Unknown command.
No target in view!
A worm comes into view. 😎 HP[+6]
Your hp is fully restored (40).
A worm is nearby!
A worm is nearby!
A worm is nearby!
The worm bites you but does no damage.
You hit the worm. The worm barely misses you.
You barely miss the worm. You hit the worm. You block the worm's attack.
You barely miss the worm.
Unknown command.
You punch the worm! The worm barely misses you.
You barely miss the worm.
The orc shouts!
You hit the worm. The worm bites you. 😕 HP[-5]
You take 5 damage, and now have 35/40 hp.
You punch the worm!
You kill the worm!
You block Edmund's attack. 😕 HP[+1] Edmund attacks as he pursues you!
Edmund hits you with a +1 heavy dire flail! 😮 HP[-11]
You take 11 damage, and now have 25/40 hp.
MASSIVE DAMAGE!! (PAUSE)
Press: ? - help, v - describe, . - travel
Here: Edmund, wielding a +1 heavy dire flail and wearing a +0 chain mail The floor. 😮 HP[+1] Unknown command. 😮 HP[+1]
As you read the scroll labelled GOSIVV UTEUL, it crumbles to dust.
You feel aware of your surroundings.
It was a scroll of revelation.
As you read the scroll labelled UZIOKAMIAR, it crumbles to dust.
You hear a loud clanging noise!
It was a scroll of noise.
Edmund hits you with a +1 heavy dire flail!!
* * * LOW HITPOINT WARNING * * *
A demonic guardian appears! 😱 HP[-18]
You take 18 damage, and now have 9/40 hp.
MASSIVE DAMAGE!! (PAUSE)
As you read the scroll labelled ACHAIL JOCIOM, it crumbles to dust.
It is a scroll of identify.
a - a scroll of enchant weapon Your ufetubus hits the orc but does no damage. x2 😱 HP[+1] Unknown command.
This is a scroll of acquirement!
Something appears at your feet!
Your ufetubus hits the orc but does no damage. x2
Edmund hits you with a +1 heavy dire flail!
You die...
Edmund says, "I'd like to see a scythe do that!"

Skill      XL: |  1  2  3  4  5 |
---------------+----------------+-----
Unarmed Combat | 3 4 |  4.1
Shapeshifting  | 3 4 |  4.2
Armour         | 1 |  1.3
Fighting       | |  1.0
Dodging        | |  1.7

Action                     |  1- 3 |  4- 6 || total
---------------------------+-------+-------++-------
  Melee: Unarmed           |   124 |    93 ||   217
         Punch             |     1 |     1 ||     2
    Use: Potion            |     3 |     2 ||     5
         Scroll            |       |     6 ||     6
   Stab: Sleeping          |     2 |       ||     2
 Armour: Animal skin       |    22 |       ||    22
         Leather armour    |    35 |       ||    35
         Skin              |     9 |       ||     9
         Plate armour      |     8 |    68 ||    76
  Dodge: Dodged            |    71 |    15 ||    86
  Block: Other             |     4 |    15 ||    19

Levels and vault maps discovered:
D:1:      psy_arrival_spokes, layout_basic, kennysheep_flooded_box
D:2:      layout_basic, shapermc_ecumenical_altar_starsandcircs
D:3:      wander_river, layout_loops_ring, fedhas_altar_1
D:4:      layout_loops_ring, dk_noncrumbling_4, uniq_edmund

Notes
Turn   | Place    | Note
-------+----------+-------------------------------------------
     0 | D:1      | ytrimaz the Demonspawn Shapeshifter began the quest for the
                  | Orb.
     0 | D:1      | Reached XP level 1. HP: 15/15 MP: 1/1
     0 | D:1      | magus.rc [v1.9.6]
   133 | D:1      | Reached skill level 3 in Unarmed Combat
   133 | D:1      | Gained mutation: A weak demonic guardian rushes to your
                  | aid. [demonic ancestry]
   133 | D:1      | Reached XP level 2. HP: 19/21 MP: 2/2
   146 | D:1      | Reached skill level 3 in Shapeshifting
   987 | D:2      | Gained mutation: You are partially covered in large bone
                  | plates. (SH +4) [demonic ancestry]
   987 | D:2      | Reached XP level 3. HP: 18/26 MP: 3/3
  1021 | D:2      | You add the spells Tukima's Dance, Passage of Golubria and
                  | Yara's Violent Unravelling to your library.
  1079 | D:2      | Found a faded altar of an unknown god.
  1183 | D:2      | HP: 9/39 [adder (2)]
  1188 | D:2      | HP: 6/39 [poisoned by an adder]
  1801 | D:3      | Found a blossoming altar of Fedhas.
  1815 | D:3      | Reached XP level 4. HP: 32/32 MP: 4/4
  2029 | D:3      | Reached skill level 1 in Armour
  2544 | D:4      | Reached XP level 5. HP: 29/37 MP: 5/5
  2559 | D:4      | Reached skill level 4 in Unarmed Combat
  2559 | D:4      | Reached skill level 4 in Shapeshifting
  2759 | D:4      | Noticed Edmund
  2767 | D:4      | Gained mutation: You have a pair of small antennae on your
                  | head. [potion of mutation]
  2767 | D:4      | Gained mutation: You are robust. (+10% HP) [potion of
                  | mutation]
  2767 | D:4      | Gained mutation: Your muscles are strong. (Str +4, Int/Dex
                  | -1) [potion of mutation]
  2933 | D:4      | HP: 9/40 [Edmund/+1 heavy dire flail (18)]
  2935 | D:4      | Identified a scroll of acquirement
  2935 | D:4      | Acquired 459 gold pieces
  2935 | D:4      | Slain by Edmund

Vanquished Creatures
  A jelly (D:4)
  2 orc wizards (D:4)
  3 gnolls (D:3)
  2 adders
  A worm (D:4)
  2 dart slugs
  3 orcs (D:4)
  7 ball pythons
  7 bats
  6 endoplasms
  3 giant cockroaches
  4 goblins
  10 hobgoblins
  7 kobolds
  3 quokkas
  2 frilled lizards
63 creatures vanquished.

Vanquished Creatures (collateral kills)
  A gnoll (D:3)
  An endoplasm (D:2)
  A giant cockroach (D:2)
  A hobgoblin (D:2)
  A frilled lizard (D:2)
5 creatures vanquished.

Grand Total: 68 creatures vanquished

Table legend:
 A = Non-vault XP
 B = Vault XP
 C = Vault XP percentage of total XP
 D = Non-vault monster count
 E = Vault monster count
 F = Vault count percentage of total count
                 A         B        C        D         E       F
            +---------+---------+-------+---------+---------+-------
      Total |     306 |       0 |   0.0 |      68 |       0 |   0.0
            +---------+---------+-------+---------+---------+-------
        D:1 |      32 |       0 |   0.0 |      18 |       0 |   0.0
        D:2 |      36 |       0 |   0.0 |      14 |       0 |   0.0
        D:3 |      98 |       0 |   0.0 |      21 |       0 |   0.0
        D:4 |     140 |       0 |   0.0 |      15 |       0 |   0.0
            +---------+---------+-------+---------+---------+-------

Skill      XL: |  1  2  3  4  5 |
---------------+----------------+-----
Unarmed Combat | 3 4 |  4.1
Shapeshifting  | 3 4 |  4.2
Armour         | 1 |  1.3
Fighting       | |  1.0
Dodging        | |  1.7

Action                     |  1- 3 |  4- 6 || total
---------------------------+-------+-------++-------
  Melee: Unarmed           |   124 |    93 ||   217
         Punch             |     1 |     1 ||     2
    Use: Potion            |     3 |     2 ||     5
         Scroll            |       |     6 ||     6
   Stab: Sleeping          |     2 |       ||     2
 Armour: Animal skin       |    22 |       ||    22
         Leather armour    |    35 |       ||    35
         Skin              |     9 |       ||     9
         Plate armour      |     8 |    68 ||    76
  Dodge: Dodged            |    71 |    15 ||    86
  Block: Other             |     4 |    15 ||    19

Illustrated notes

Table legend:
 A = Kills in this place as a percentage of kills in the entire game.
 B = Kills by you in this place as a percentage of kills by you in the entire game.
 C = Kills by friends in this place as a percentage of kills by friends in the entire game.
 D = Other kills in this place as a percentage of other kills in the entire game.
 E = Experience gained in this place as a percentage of experience gained in the entire game.
 F = Experience gained in this place divided by the number of levels of this place that you have seen.
                   A       B       C       D       E      F
               +-------+-------+-------+-------+-------+----------------------
         Total | 100.0 | 100.0 | 100.0 |   N/A | 100.0 |  76.5
       Dungeon | 100.0 | 100.0 | 100.0 |   N/A | 100.0 |  76.5
               +-------+-------+-------+-------+-------+----------------------

Table legend: (Time is in decaauts)
 A = Elapsed time spent in this place.
 B = Non-inter-level travel time spent in this place.
 C = Inter-level travel time spent in this place.
 D = Time resting spent in this place.
 E = Time spent auto-exploring this place.
 F = Levels seen in this place.
 G = Mean time per level.
                   A        B        C        D        E       F      G
               +--------+--------+--------+--------+--------+-----+--------+
         Total |   2926 |   2769 |    157 |      0 |   2153 |   4 |  731.5 |
       Dungeon |   2926 |   2769 |    157 |      0 |   2153 |   4 |  731.5 |
               +--------+--------+--------+--------+--------+-----+--------+

Top non-repeatable levels by time:
     D:1: 936 daAuts
     D:3: 915 daAuts
     D:2: 564 daAuts
     D:4: 510 daAuts
